 Dungeon Crawl Stone Soup version 0.26-a0-778-g3fe0686644 (webtiles) character file.

Game seed: 62492131467860949

3329 quinnr the Basher (level 10, -1/59 HPs)
             Began as a Gargoyle Gladiator on Oct 1, 2020.
             Was a Priest of Qazlal.
             Slain by a centaur (4 damage)
             ... on level 8 of the Dungeon on Nov 10, 2020.
             The game lasted 00:24:00 (6991 turns).

quinnr the Basher (Gargoyle Gladiator)              Turns: 6991, Time: 00:24:01

Health: -1/59      AC: 25    Str: 21    XL:     10   Next: 2%
Magic:  0/22       EV:  6    Int:  9    God:    Qazlal [***...]
Gold:   409        SH:  0    Dex: 11    Spells: 9/9 levels left

rFire    . . .     SeeInvis .   L - +2 flail (protect)
rCold    + . .     Faith    .   (no shield)
rNeg     + + .     Spirit   +   f - +2 ring mail {rC+}
rPois    ∞         Reflect  .   c - +0 helmet
rElec    +         Harm     .   k - +0 cloak
rCorr    .         Rampage  .   A - +0 pair of gloves
MR       .....                  (no boots)
Stlth    ..........             v - amulet of guardian spirit
HPRegen  0.19/turn              B - ring of magical power
MPRegen  0.18/turn              C - ring of positive energy

@: marked, protection aura, attractive, held
A: negative energy resistance 1, electricity resistance, unbreathing,
petrification resistance, rot immunity, AC +7
a: Upheaval, Elemental Force, Renounce Religion


You were on level 8 of the Dungeon.
You worshipped Qazlal.
Qazlal was most pleased with you.
You visited 1 branch of the dungeon, and saw 10 of its levels.

You collected 409 gold pieces.

Inventory:

Hand Weapons
 a - a cursed +0 morningstar
 L - a +2 flail of protection (weapon)
Missiles
 d - 3 throwing nets
 e - 83 arrows
 z - 8 datura-tipped darts (quivered)
 D - 5 boomerangs
Armour
 b - a +0 leather armour
 c - a +0 helmet (worn)
 f - a +2 ring mail of cold resistance (worn)
 k - a +0 cloak (worn)
 u - a +0 kite shield
 A - a +0 pair of gloves (worn)
Jewellery
 v - an amulet of guardian spirit (around neck)
 B - a ring of magical power (left hand)
 C - a ring of positive energy (right hand)
 J - an uncursed ring of fire
Wands
 r - a wand of random effects (10)
 y - a wand of enslavement (3)
Scrolls
 g - 7 scrolls of remove curse
 h - 2 scrolls of teleportation
 l - 3 scrolls of enchant armour {unknown}
 m - a scroll of immolation {unknown}
 p - 4 scrolls of amnesia
 t - 3 scrolls of enchant weapon
 x - 2 scrolls of fear {unknown}
 E - a scroll of magic mapping {unknown}
 G - a scroll of random uselessness {unknown}
Potions
 i - 4 potions of brilliance
 j - 2 potions of degeneration {unknown}
 n - a potion of attraction
 q - 2 potions of flight
 s - a potion of magic {unknown}
 w - a potion of resistance {unknown}
 H - a potion of heal wounds {unknown}
 I - 2 potions of haste {unknown}
 K - a potion of cancellation {unknown}


   Skills:
 - Level 5.0 Fighting
 + Level 10.5 Maces & Flails
 - Level 4.0 Throwing
 + Level 4.5 Armour
 - Level 2.5 Dodging
 - Level 4.0 Invocations
 - Level 4.0 Evocations


You had 9 spell levels left.
You didn't know any spells.
Your spell library contained the following spells:

 Spells                   Type           Power        Failure   Level
 Confusing Touch          Hex            #.......     88%         3
 Gell's Gravitas          Tloc           #.........   88%         3
 Petrify                  Tmut/Erth      #.......     99%         4
 Metabolic Englaciation   Hex/Ice        #.........   100%        5
 Yara's Violent Unravell  Hex/Tmut       #.........   100%        5


Dungeon Overview and Level Annotations

Branches:
Dungeon (10/15)            Temple (0/1) D:6
   Lair: D:8-11         Orc: D:9-12

Altars:
Ashenzari
Cheibriados
Dithmenos
Elyvilon
Fedhas
Gozag
Makhleb
Nemelex Xobeh
Qazlal
Ru
Trog
Uskayaw

Annotations:
D:8 Harold


Innate Abilities, Weirdness & Mutations

You are resistant to torment.
Your stone body is resilient. (AC +7)
You are immune to poison.
You resist negative energy. (rN+)
You are resistant to electric shocks. (rElec)
You can survive without breathing.
You are immune to petrification.
You are immune to rotting.


Message History

The bullfrog zombie is struck by lightning.
You destroy the bullfrog zombie!
Qazlal accepts your kill.
The centaur unwields a +0 shortbow.
The centaur hits you.
* * * LOW HITPOINT WARNING * * *
Harold throws a throwing net.
The throwing net hits you.
You become entangled in the net!
The jackal bites you but does no damage.
Unknown command.
You struggle against the net.
Harold is pulled toward you! The jackal is pulled toward you!
The centaur is pulled toward you! The centaur barely misses you.
The jackal closely misses you.
Harold is struck by lightning.
Harold hits you with a +0 battleaxe!
* * * LOW HITPOINT WARNING * * *
Unknown command.
You tear a large gash into the net.
The jackal is pulled toward you! The centaur hits you.
* * * LOW HITPOINT WARNING * * *
The jackal barely misses you. The centaur hits you.
You die...

.. #... ...
..... #... ....
..... #..##....
....###..).....
.....#.........
#.....#......
##.........#
##@h.....#
#@cc....##
##h...#.#
########


You could see Harold, 2 centaurs and 2 jackals.

Vanquished Creatures
  Pikel (D:4)
  Grinder (D:4)
  Sigmund (D:4)
  Menkaure (D:4)
  An orc warrior (D:6)
  An ice beast (D:6)
  A necrophage (D:7)
  A phantom (D:4)
  3 ogres
  3 bullfrogs
  A scorpion (D:4)
  2 vampire bats (D:5)
  10 wights
  3 howler monkeys
  A bullfrog zombie (D:8)
  Crazy Yiuf (D:2)
  A centaur skeleton (D:4)
  5 orc priests
  6 orc wizards
  Jessica (D:3)
  2 iguanas (D:4)
  6 worker ants
  A hound skeleton (D:7)
  A howler monkey zombie (D:6)
  A worker ant zombie (D:4)
  2 howler monkey skeletons
  3 gnolls (D:2)
  9 adders
  A shadow imp (D:7)
  3 white imps
  An ufetubus (D:7)
  7 oozes
  An adder skeleton (D:7)
  2 worms
  3 dart slugs (D:1)
  6 leopard geckos
  17 orcs
  9 giant cockroaches
  6 hobgoblins
  17 jackals
  6 kobolds
  3 quokkas
  4 ball pythons
  7 bats
  7 frilled lizards
  6 goblins
  A quokka skeleton (D:6)
  11 rats
188 creatures vanquished.

Vanquished Creatures (collateral kills)
  5 bats (D:5)
5 creatures vanquished.

Vanquished Creatures (others)
  An orc (D:4)
  A jackal (D:8)
  A quokka (D:4)
  4 plants (D:6)
7 creatures vanquished.

Grand Total: 200 creatures vanquished

Notes
Turn   | Place    | Note
-------+----------+-------------------------------------------
     0 | D:1      | quinnr the Gargoyle Gladiator began the quest for the Orb.
     0 | D:1      | Reached XP level 1. HP: 12/12 MP: 1/1
    13 | D:1      | Upgraded the game from 0.26-a0-652-gafc20e3620 to
                  | 0.26-a0-658-gbdda728c12
   182 | D:1      | Reached XP level 2. HP: 14/18 MP: 2/2
   253 | D:1      | Upgraded the game from 0.26-a0-658-gbdda728c12 to
                  | 0.26-a0-708-g17f3b190f9
   288 | D:1      | Upgraded the game from 0.26-a0-708-g17f3b190f9 to
                  | 0.26-a0-778-g3fe0686644
   354 | D:1      | Reached XP level 3. HP: 18/22 MP: 3/3
   645 | D:1      | Reached skill level 4 in Maces & Flails
  1084 | D:2      | Reached XP level 4. HP: 27/27 MP: 4/4
  1237 | D:2      | Found a snail-covered altar of Cheibriados.
  1385 | D:2      | Found a stormy altar of Qazlal.
  1386 | D:2      | Found an opulent altar of Gozag.
  1406 | D:2      | Reached skill level 5 in Maces & Flails
  1624 | D:2      | Became a worshipper of Qazlal Stormbringer
  1690 | D:2      | Found a shadowy altar of Dithmenos.
  1690 | D:2      | Found a sacrificial altar of Ru.
  1826 | D:2      | Found a runed translucent door.
  1827 | D:2      | Noticed Crazy Yiuf
  1957 | D:2      | Killed Crazy Yiuf
  1957 | D:2      | Reached XP level 5. HP: 31/31 MP: 5/5
  2042 | D:3      | Noticed Jessica
  2074 | D:3      | Killed Jessica
  2082 | D:3      | Found a blossoming altar of Fedhas.
  2301 | D:3      | Reached skill level 6 in Maces & Flails
  2552 | D:3      | Reached * piety under Qazlal
  2788 | D:4      | Reached XP level 6. HP: 34/36 MP: 6/6
  3017 | D:4      | Noticed Sigmund
  3041 | D:4      | Killed Sigmund
  3041 | D:4      | Reached skill level 7 in Maces & Flails
  3041 | D:4      | Reached XP level 7. HP: 28/40 MP: 3/7
  3243 | D:4      | Reached skill level 1 in Armour
  3502 | D:4      | Noticed Pikel
  3514 | D:4      | Killed Pikel
  3514 | D:4      | Reached skill level 8 in Maces & Flails
  3514 | D:4      | Reached XP level 8. HP: 44/46 MP: 8/8
  3661 | D:4      | Found a transporter.
  3670 | D:4      | Found a transporter.
  3714 | D:4      | Found a hide-covered altar of Uskayaw.
  3718 | D:4      | Noticed Grinder
  3736 | D:4      | Killed Grinder
  3836 | D:4      | Reached skill level 9 in Maces & Flails
  4057 | D:4      | Found a broken altar of Ashenzari.
  4091 | D:4      | Found a white marble altar of Elyvilon.
  4423 | D:4      | Reached skill level 1 in Invocations
  4578 | D:5      | Entered Level 5 of the Dungeon
  4597 | D:5      | Noticed Menkaure
  4600 | D:5      | quinnr: ??enslavement
  4600 | D:5      | beem: enslavement[1/3]: A wand that temporarily turns an
                  | enemy into an ally. Useful on orc warriors and the like
                  | with low magic resistance. Can be very useful to enslave
                  | something, tell it to 'wait here' and get xp while it kills
                  | things off screen. Was also a spell (L4 Hexes) in 0.16 and
                  | earlier.
  4639 | D:4      | Killed Menkaure
  4639 | D:4      | Reached XP level 9. HP: 45/51 MP: 10/10
  4840 | D:4      | Reached ** piety under Qazlal
  5258 | D:5      | Found a burning altar of Makhleb.
  5679 | D:6      | Found a staircase to the Ecumenical Temple.
  5728 | D:6      | Noticed a rust devil
  5880 | D:6      | Noticed an angel
  6236 | D:6      | Found a bloodstained altar of Trog.
  6486 | D:7      | Reached skill level 5 in Fighting
  6495 | D:7      | Reached skill level 10 in Maces & Flails
  6498 | D:7      | quinnr: ??maces
  6498 | D:7      | beem: maces & flails[1/2]: club (+3/5/1.3/0.6), whip
                  | (+2/6/1.1/0.5), hammer (+3/7/1.3/0.6), mace (+3/8/1.4/0.7),
                  | flail (+0/10/1.4/0.7), demon whip (+1/11/1.1/0.5), sacred
                  | scourge (+0/12/1.1/0.5), morningstar (-2/13/1.5/0.7),
                  | eveningstar (-1/15/1.5/0.7), dire flail (-3/13/1.3/0.6)
                  | [2], great mace (-4/17/1.7/0.7) [2], giant club
                  | (-6/20/1.7/0.7) [2], giant spiked club (-7/22/1.8/0.7) [2]
  6601 | D:7      | Reached *** piety under Qazlal
  6723 | D:7      | Found a sparkling altar of Nemelex Xobeh.
  6815 | D:7      | Got a distressingly furry chain mail
  6886 | D:7      | You fall into a shaft and drop 3 floors!
  6886 | D:10     | Entered Level 10 of the Dungeon
  6903 | D:10     | Identified the cursed +1 chain mail "Huepatogof" {MR-
                  | Dex+5} (You found it on level 7 of the Dungeon)
  6960 | D:8      | Noticed Harold
  6968 | D:8      | HP: 4/54 [orc warrior/+0 war axe (12)]
  6977 | D:8      | Reached XP level 10. HP: 15/59 MP: 3/13
  6990 | D:8      | HP: 5/59 [Harold/+0 battleaxe (9)]
  6991 | D:8      | Slain by a centaur

Illustrated notes

Levels and vault maps discovered:
D:1:      dpeg_arrival_round_b, layout_loops_ring, minmay_misc_feat_tower
D:2:      layout_basic, lemuel_round_altar, gammafunk_temple_overflow_elements,
          lemuel_doored_altar, nicolae_gozag_seed_capital,
          uniq_crazy_yiuf_cottage
D:3:      layout_loops_cross, nicolae_overflow_crystal_walls, uniq_jessica
D:4:      minmay_inner_zag, layout_basic, elyvilon_altar_4,
          gammafunk_temple_overflow_arena, ashenzari_altar_1,
          hangedman_decor_slide_cut, minmay_misc_feat_secret_circle,
          hangedman_abyss_or_decor_slice, uniq_grinder, uniq_sigmund, uniq_pikel
D:5:      layout_cave_pools, overflow_temple_1_default, roderic_batcave,
          uniq_menkaure
D:6:      layout_gridville, lightli_temple_of_fire, temple_garden,
          minmay_misc_feat_pillars
D:7:      layout_loops_ring, grunt_ministairs_12, nemelex_dance_club_becter,
          uniq_duvessa
D:8:      layout_cave_pools, kennysheep_mini,
          yredelemnul_forgotten_temple_becter, ebering_ghost_xom, uniq_maggie,
          uniq_harold
D:9:      layout_loops_ring, uniq_erica
D:10:     layout_cave_pools, erik_lair_dragon, minmay_chambers_of_fives

Skill      XL: |  1  2  3  4  5  6  7  8  9 |
---------------+----------------------------+-----
Throwing       | 2 3 4 |  4.0
Maces & Flails | 4 5 6 7 8 9 10 | 10.5
Fighting       | 3 5 |  5.0
Armour         | 3 4 |  4.5
Evocations     | 2 4 |  4.0
Invocations    | 2 4 |  4.0
Dodging        | |  2.5

Action                   |  1- 3 |  4- 6 |  7- 9 | 10-12 || total
-------------------------+-------+-------+-------+-------++-------
Melee: Flail             |    94 |   194 |   420 |    12 ||   720
Throw: Dart              |       |       |     2 |       ||     2
Evoke: Wand              |       |       |     5 |       ||     5
  Use: Scroll            |       |     8 |     9 |       ||    17
       Potion            |       |     2 |     5 |       ||     7
 Stab: Invisible         |       |     1 |       |       ||     1
Armor: Leather armour    |     3 |       |       |       ||     3
       Ring mail         |    54 |    92 |   244 |     7 ||   397
Dodge: Dodged            |    61 |   112 |   235 |    11 ||   419
Block: Other             |       |     1 |    45 |       ||    46

Table legend: (Time is in decaauts)
 A = Elapsed time spent in this place.
 B = Non-inter-level travel time spent in this place.
 C = Inter-level travel time spent in this place.
 D = Time resting spent in this place.
 E = Time spent auto-exploring this place.
 F = Levels seen in this place.
 G = Mean time per level.
                   A        B        C        D        E       F      G
               +--------+--------+--------+--------+--------+-----+--------+
         Total |   7012 |   6792 |    220 |    894 |   3943 |  10 |  701.2 |
       Dungeon |   7012 |   6792 |    220 |    894 |   3943 |  10 |  701.2 |
               +--------+--------+--------+--------+--------+-----+--------+

Top non-repeatable levels by time:
     D:4: 1861 daAuts
     D:6: 1026 daAuts
     D:2: 1015 daAuts
     D:1: 1012 daAuts
     D:3: 887 daAuts
     D:5: 653 daAuts
     D:7: 455 daAuts
     D:8: 65 daAuts
    D:10: 29 daAuts
     D:9: 6 daAuts
